 Dungeon Crawl Stone Soup version 0.30-a0-782-ge64f9170bb (webtiles) character file.

Game seed: 8409405954642716014

307 Kenran the Sneak (level 6, -3/30 HPs)
             Began as a Spriggan Transmuter on Mar 1, 2023.
             Slain by a bullfrog (8 damage)
             ... in a sewer.
             The game lasted 00:12:06 (2429 turns).

Kenran the Sneak (Spriggan Transmuter)              Turns: 2429, Time: 00:12:07

Health: -3/30      AC:  2    Str:  6    XL:     6   Next: 16%
Magic:  7/11       EV: 18    Int: 16    God:
Gold:   149        SH:  0    Dex: 16    Spells: 3/11 levels left

rFire   . . .      SeeInvis +      - Unarmed
rCold   . . .      Faith    .    (no shield)
rNeg    . . .      Spirit   .    a - +0 robe
rPois   .          Reflect  .    (helmet currently unavailable)
rElec   .          Harm     .    (no cloak)
rCorr   .          Rampage  .    (gloves unavailable)
Will    +....                    (boots unavailable)
Stlth   +++                      (no amulet)
HPRegen 0.25/turn                (no ring)
MPRegen 0.12/turn                (no ring)

@: brilliant, lethally poisoned (-3 -> -6), appendages, very slightly
contaminated, very quick
A: horns 2, talons 2, very small, no large weapons, unfitting armour, see
invisible, speed 3
a: End Transformation


You were in a sewer.
You had temporarily grown beastly horns and talons.
You visited 1 branch of the dungeon, and saw 3 of its levels.
You also visited: Sewer.

You collected 149 gold pieces.

Inventory:

Missiles
 e - 10 stones
Armour
 a - a +0 robe (worn)
Scrolls
 c - a scroll of teleportation {unknown}
 d - 2 scrolls of amnesia {unknown}
 f - a scroll of enchant armour {unknown}
 h - 2 scrolls of identify {unknown}
Potions
 b - a potion of lignification {!q}
 g - a potion of brilliance
 i - 2 potions of heal wounds {unknown}


   Skills:
 - Level 1.0 Fighting
 + Level 4.3 Dodging
 + Level 4.4 Stealth
 + Level 3.9 Unarmed Combat
 - Level 3.0 Spellcasting
 + Level 4.3 Transmutations


You had 3 spell levels left.
You knew the following spells:

 Your Spells              Type           Power      Damage    Failure   Level
a - Beastly Appendage     Tmut           48%        N/A       3%          1
b - Spider Form           Tmut/Pois      14%        N/A       22%         3
c - Ice Form              Ice/Tmut       14%        N/A       58%         4

Your spell library contained the following spells:

 Spells                   Type           Power      Damage    Failure   Level
 Wereblood                Tmut           24%        N/A       4%          2


Dungeon Overview and Level Annotations

Branches:
Dungeon (3/15)              Sewer (1/1)

Altars:
Wu Jian


Innate Abilities, Weirdness & Mutations

You have temporarily grown beastly horns and talons.
You are very small and have problems with some larger weapons.
You are too small for most types of armour.
You have supernaturally acute eyesight. (SInv)
You cover ground extremely quickly. (Speed+++)


Message History

You barely miss the bullfrog. You claw the bullfrog.
You kill the bullfrog!
The endoplasm freezes you.
You are frozen.
* * * LOW HITPOINT WARNING * * *
You have reached level 6!
You hit the endoplasm. You headbutt the endoplasm.
You kill the endoplasm!
You enter the shallow water.
Moving in this stuff is going to be slow.
You see here a quokka corpse.
You enter the shallow water.
Moving in this stuff is going to be slow.
You start resting.
A frilled lizard comes into view.
Unknown command.
You enter the shallow water.
Moving in this stuff is going to be slow.
You start resting.
Your transformation is almost over.
Your horns disappear.
Your talons disappear.
A bullfrog comes into view.
A bullfrog is nearby!
Casting: Beastly Appendage (safe; 3% risk of failure)
Confirm with . or Enter, or press ? or * to list all spells.
You grow a pair of large bovine horns.
Your feet morph into talons.
The bullfrog gives a loud, deep croak!
Casting: Beastly Appendage (safe; 3% risk of failure)
Confirm with . or Enter, or press ? or * to list all spells.
The spell is quite dangerous to miscast (22% risk of failure)!
Continue anyway?
You miscast Spider Form.
You are very lightly contaminated with residual magic.
You feel incredibly sick!
You are poisoned.
* * * LOW HITPOINT WARNING * * *
x2 You feel sick.
It was a potion of brilliance.
You feel clever all of a sudden.
You feel sick. The bullfrog hits you!
You die...

~~.#########.~~~~.~##
####~~~~.~~####~~~~.##
#~~~.~.~~~.~~.###~~~~##
~~~.#######~~~~~##~~~~#
†~### ###.~~~##~~~##
~## ##†~.~#~†~~# ##
##~~~##~~~# #
#~~~.#~~~# # #~@~~#~~~#
# #~F~~#~~~# #
##~~~##~~~# #
##~~~~#~~~~# ##
###~.~~##..~## .#
######†.~~~##~~~~# ~##
..~~~~~~..###~~~~## ~~#
.~.~~~~####~†~~~##
~#######~∩~#.~~..~.##


You could see a bullfrog.

Vanquished Creatures
  A bullfrog (Sewer)
  An iguana (D:2)
  11 adders
  A worm (D:2)
  3 dart slugs
  An orc (D:3)
  14 ball pythons
  10 endoplasms
  6 giant cockroaches
  10 goblins
  2 hobgoblins
  4 jackals (D:1)
  13 quokkas
  4 bats
  11 frilled lizards
  2 kobolds
  7 rats
101 creatures vanquished.

Notes
Turn   | Place    | Note
-------+----------+-------------------------------------------
     0 | D:1      | Kenran the Spriggan Transmuter began the quest for the Orb.
     0 | D:1      | Reached XP level 1. HP: 9/9 MP: 5/5
    53 | D:1      | Reached skill level 1 in Stealth
   140 | D:1      | Reached XP level 2. HP: 14/14 MP: 4/6
   370 | D:1      | Reached XP level 3. HP: 17/17 MP: 8/8
  1104 | D:2      | Reached XP level 4. HP: 17/21 MP: 7/9
  1133 | D:2      | Found an ornate altar of the Wu Jian Council.
  1186 | D:2      | Learned a level 3 spell: Spider Form
  1191 | D:2      | Learned a level 4 spell: Ice Form
  1527 | D:2      | Reached skill level 1 in Fighting
  1835 | D:3      | Reached XP level 5. HP: 17/25 MP: 10/10
  1899 | D:3      | Found a glowing drain.
  1936 | Sewer    | Entered a sewer
  2400 | Sewer    | Reached XP level 6. HP: 8/30 MP: 9/11
  2429 | Sewer    | Slain by a bullfrog

Illustrated notes

Levels and vault maps discovered:
D:1:      lightli_arrival_noodles, layout_rooms
D:2:      layout_basic, basic_altar
D:3:      layout_basic, portal_sewer_entry_f
Sewer:    sewer_frog_island_02

Skill      XL: |  1  2  3  4  5 |
---------------+----------------+-----
Dodging        | 3 4 |  4.3
Stealth        | 1 2 3 4 |  4.4
Unarmed Combat | 3 |  3.9
Transmutations | 3 4 |  4.3
Fighting       | 1 |  1.0
Spellcasting   | 3 |  3.0

Action                     |  1- 3 |  4- 6 || total
---------------------------+-------+-------++-------
  Melee: Unarmed           |   144 |   206 ||   350
         Headbutt          |    15 |    39 ||    54
         Kick              |    26 |    43 ||    69
         Punch             |       |     2 ||     2
   Cast: Beastly Appendage |    22 |    30 ||    52
         Spider Form       |       |     1 ||     1
    Use: Potion            |       |     2 ||     2
   Stab: Sleeping          |     4 |     5 ||     9
 Armour: Robe              |    14 |    12 ||    26
         Skin              |       |     2 ||     2
  Dodge: Dodged            |   113 |   160 ||   273

Table legend: (Time is in decaauts)
 A = Elapsed time spent in this place.
 B = Non-inter-level travel time spent in this place.
 C = Inter-level travel time spent in this place.
 D = Time resting spent in this place.
 E = Time spent auto-exploring this place.
 F = Levels seen in this place.
 G = Mean time per level.
                   A        B        C        D        E       F      G
               +--------+--------+--------+--------+--------+-----+--------+
         Total |   1954 |   1934 |     20 |    568 |    245 |   4 |  488.5 |
       Dungeon |   1477 |   1457 |     20 |    407 |    245 |   3 |  492.3 |
         Sewer |    477 |    477 |      0 |    161 |      0 |   1 |  477.0 |
               +--------+--------+--------+--------+--------+-----+--------+

Top non-repeatable levels by time:
     D:2: 763 daAuts
     D:1: 527 daAuts
   Sewer: 477 daAuts
     D:3: 185 daAuts
